 Dungeon Crawl Stone Soup version 0.19-a0-611-gb5a7e8d (webtiles) character file.

285 FitzyFitz the Cutter (level 6, -5/44 HPs)
             Began as a Vampire Gladiator on June 12, 2016.
             Slain by a phantom (7 damage)
             ... on level 4 of the Dungeon.
             The game lasted 00:10:28 (2633 turns).

FitzyFitz the Cutter (Vampire Gladiator)            Turns: 2633, Time: 00:10:28

Health: -5/44      AC:  5    Str: 14    XL:     6   Next: 7%
Magic:  6/6        EV: 13    Int: 12    God:
Gold:   147        SH:  0    Dex: 15    Spells: 0 memorised, 5 levels left

rFire  . . .     SeeInvis +     a - +0 rapier
rCold  . . .     Gourm    .     v - +0 leather armour
rNeg   . . .     Faith    .     (no shield)
rPois  .         Spirit   .     c - +0 helmet
rElec  .         Dismiss  .     p - +0 cloak
rCorr  .         Reflect  .     (no gloves)
SustAt .         Harm     .     (no boots)
MR     .....                    (no amulet)
Stlth  +++.......               (no ring)
                                (no ring)

@: regenerating quickly, not resistant to hostile enchantments, fairly stealthy
A: fangs 3, see invisible, unbreathing
a: no special abilities


You were on level 4 of the Dungeon.
You were full.

You visited 1 branch of the dungeon, and saw 4 of its levels.

You collected 147 gold pieces.

Inventory:

Hand Weapons
 a - a +0 rapier (weapon)
 b - a +0 hunting sling of freezing
 h - a +0 dagger of speed
Missiles
 d - 3 throwing nets (quivered)
 g - 14 poisoned needles
 i - 47 stones
 x - 19 sling bullets
Armour
 c - a +0 helmet (worn)
 p - a +0 cloak (worn)
 v - a +0 leather armour (worn)
Jewellery
 l - an uncursed ring of fire
Scrolls
 f - a scroll of blinking {unknown}
 m - 2 scrolls of enchant weapon {unknown}
 n - a scroll of enchant armour {unknown}
 o - a scroll of magic mapping {unknown}
 r - a scroll of fear {unknown}
 s - a scroll of noise {unknown}
Potions
 e - a potion of curing
 j - a potion of brilliance {unknown}
 k - a potion of flight
 q - 12 potions of blood
 u - a potion of ambrosia
 w - a potion of magic
Books
 t - Sif Muna's Tome of the Oath
   (You found it on level 2 of the Dungeon)

   Spells                             Type                      Level
   a - Corona                         Hexes                        1


   Skills:
 - Level 1.7 Fighting
 + Level 6.4 Short Blades
 - Level 1.5 Throwing
 - Level 3.2 Dodging
 - Level 5.3 Stealth


You had 5 spell levels left.
You didn't know any spells.

Dungeon Overview and Level Annotations

Branches:
Dungeon (4/15)
 Temple: D:4-7

Altars:
Kikubaaqudgha
Okawaru
Sif Muna
Trog
Vehumet

Shops:
D:4 (

Annotations:
D:4 Menkaure; Sigmund; godplex's ghost, amateur OpMo


Innate Abilities, Weirdness & Mutations

Your natural rate of healing is unusually fast.
You have razor-sharp teeth.
You have supernaturally acute eyesight. (SInv)
You can survive without breathing.


Message History

Menkaure grins.
Menkaure gestures wildly while chanting.
Menkaure seems to speed up.
Menkaure calls on the powers of darkness!
The ice beast convulses!
Your body is wracked with pain!
* * * LOW HITPOINT WARNING * * *
The phantom blinks!
There is a stone staircase leading down here.
The phantom blinks!
The phantom barely misses you.
You hit the phantom.
The phantom is lightly damaged.
The ice beast hits you.
* * * LOW HITPOINT WARNING * * *
The ice beast freezes you!
* * * LOW HITPOINT WARNING * * *
You hit the phantom.
The phantom is moderately damaged.
The phantom hits you!
You die...

. . . ####### . #.....#
.####.###.###### .M.M..#
#......# ..###.###..#.#.#
..#
#...M.###.>##############
..# ####.##
##MY@W..........# ...
##.# #.#########.###.#
... ..#.# #.# #.# .#.
##.###########<# #.# . M#
###.........<.# #.#
#.########### #.# #.# #.#
#.#############.#
#.............#.#


You could see a phantom, an ice beast and Menkaure.

Vanquished Creatures
  A hound (D:4)
  2 orc wizards (D:3)
  A worker ant (D:4)
  8 adders
  2 oozes
  3 dart slugs (D:1)
  3 giant geckos
  11 orcs (D:3)
  10 bats
  2 giant cockroaches (D:1)
  6 hobgoblins
  3 jackals (D:4)
  10 kobolds
  5 giant newts
  6 goblins
  5 rats (D:2)
78 creatures vanquished.

Notes
Turn   | Place    | Note
--------------------------------------------------------------
     0 | D:1      | FitzyFitz the Vampire Gladiator began the quest for the Orb.
     0 | D:1      | Reached XP level 1. HP: 16/16 MP: 1/1
    48 | D:1      | Reached skill level 1 in Stealth
   182 | D:1      | Reached XP level 2. HP: 22/22 MP: 2/2
   343 | D:1      | Reached skill level 4 in Short Blades
   534 | D:1      | Reached XP level 3. HP: 27/27 MP: 3/3
   886 | D:2      | You fall through a shaft!
  1118 | D:2      | Found a radiant altar of Vehumet.
  1139 | D:2      | Found an ancient bone altar of Kikubaaqudgha.
  1140 | D:2      | Found a deep blue altar of Sif Muna.
  1146 | D:2      | Identified Sif Muna's Tome of the Oath
  1197 | D:2      | Reached XP level 4. HP: 31/33 MP: 4/4
  1547 | D:3      | Found an iron altar of Okawaru.
  1577 | D:3      | Found a bloodstained altar of Trog.
  1640 | D:3      | Reached skill level 5 in Stealth
  1850 | D:3      | Reached XP level 5. HP: 38/38 MP: 5/5
  1928 | D:3      | Reached skill level 5 in Short Blades
  2389 | D:4      | Reached skill level 6 in Short Blades
  2392 | D:4      | Noticed godplex's ghost (amateur OpMo)
  2392 | D:4      | Noticed Sigmund
  2589 | D:4      | Noticed a phantom
  2594 | D:4      | Found Kiasti's Antique Weapon Shop.
  2595 | D:4      | Noticed Menkaure
  2601 | D:4      | Noticed an ice beast
  2608 | D:4      | Reached XP level 6. HP: 39/44 MP: 6/6
  2632 | D:4      | HP: 2/44 [ice beast (9)]
  2633 | D:4      | Slain by a phantom

Vault maps used:
D:1:      shiori_shiawase
D:2:      grunt_temple_overflow_magic_moments, kennysheep_big_empty_room
D:3:      okawaru_trees_1, minmay_misc_feat_doors, minivault_25, bloody_trog
D:4:      minitemple, serial_shops, shop, uniq_sigmund, uniq_menkaure

Skill      XL: |  1  2  3  4  5 |
---------------+----------------+-----
Stealth        | 1 2 3 5 |  5.3
Short Blades   | 4 6 |  6.4
Fighting       | |  1.7
Throwing       | |  1.5
Dodging        | |  3.2

Action                   |  1- 3 |  4- 6 || total
-------------------------+-------+-------++-------
Melee: Rapier            |    86 |   174 ||   260
       Dagger            |    13 |       ||    13
       Bite              |     6 |    17 ||    23
 Fire: Hunting sling     |       |     6 ||     6
  Use: Potion            |       |    10 ||    10
       Scroll            |       |     4 ||     4
 Stab: Sleeping          |     8 |     7 ||    15
       Distracted        |       |     1 ||     1
  Eat: Corpse            |       |     4 ||     4
Armor: Leather armour    |    31 |    43 ||    74
Dodge: Dodged            |    63 |   119 ||   182
